 Dungeon Crawl Stone Soup version 0.23.1 (webtiles) character file.

Game seed: 865646230075849261

110 Yunesin the Chopper (level 4, -3/49 HPs)
             Began as an Octopode Berserker on Mar 14, 2019.
             Was a Believer of Trog.
             Killed from afar by Natasha (6 damage)
             ... with a magic dart
             ... on level 2 of the Dungeon.
             The game lasted 00:05:35 (1580 turns).

Yunesin the Chopper (Octopode Berserker)            Turns: 1580, Time: 00:05:36

Health: -3/49      AC:  1    Str: 21    XL:     4   Next: 91%
Magic:  4/4        EV: 14    Int:  9    God:    Trog [**....]
Gold:   68         SH:  0    Dex: 12    Spells: 3/3 levels left

rFire    . . .     SeeInvis .   a - +0 hand axe
rCold    . . .     Gourm    .   (no shield)
rNeg     . . .     Faith    .   (helmet restricted)
rPois    .         Spirit   .   (no amulet)
rElec    .         Reflect  .   (no ring)
rCorr    .         Harm     .   (no ring)
MR       .....                  (no ring)
Stlth    ..........             (no ring)
HPRegen  0.16/turn              (no ring)
MPRegen  0.09/turn              (no ring)
                                (no ring)
                                (no ring)

@: berserking, very quick
A: almost no armour, stealthy swim, amphibious, 8 rings, constrict 8, camouflage
1, gelatinous body 1
a: Berserk, Trog's Hand, Renounce Religion


You were on level 2 of the Dungeon.
You worshipped Trog.
Trog was pleased with you.
You were hungry.

You visited 1 branch of the dungeon, and saw 2 of its levels.

You collected 68 gold pieces.

Inventory:

Hand Weapons
 a - a +0 hand axe (weapon)
Wands
 l - a wand of acid (10)
 n - a wand of digging (6)
Scrolls
 c - a scroll of enchant armour {unknown}
 d - a scroll of noise {unknown}
 h - a scroll of fog {unknown}
 i - a scroll of identify {unknown}
 j - 4 scrolls of teleportation {unknown}
 m - a scroll of remove curse {unknown}
Potions
 e - 2 potions of ambrosia {unknown}
 f - 2 potions of curing {unknown}
 k - a potion of might {unknown}
 o - a potion of degeneration {unknown}
 p - a potion of berserk rage {unknown}
Comestibles
 b - 5 rations
 g - 2 chunks of flesh


   Skills:
 + Level 3.7 Fighting
 + Level 4.0 Axes
 + Level 3.8 Dodging
 + Level 1.4 Stealth


You had 3 spell levels left.
You didn't know any spells.
Your spell library was empty.

Dungeon Overview and Level Annotations

Branches:
Dungeon (2/15)

Altars:

Annotations:
D:2 Natasha


Innate Abilities, Weirdness & Mutations

You cannot wear most types of armour.
You are very stealthy in the water. (Stealth+)
You are amphibious.
You can wear up to eight rings at the same time.
You can use your tentacles to constrict eight enemies at once.
Your skin changes colour to match your surroundings (Stealth+).
Your rubbery body absorbs attacks. (AC +1, EV +1)


Message History

Natasha stares at you and mumbles some strange words.
The magic dart hits you.
Natasha casts a spell.
Natasha claws you!
* * * LOW HITPOINT WARNING * * *
You see here a rat corpse.
You are too injured to fight recklessly!
You are too injured to fight recklessly!
A red film seems to cover your vision as you go berserk!
You feel yourself moving faster!
You feel mighty!
You are feeling hungry.
Natasha closely misses you. The worm bites you!
* * * LOW HITPOINT WARNING * * *
You are too injured to fight recklessly!
You are too injured to fight recklessly!
You are too injured to fight recklessly!
You feel a strong urge to attack something.
Natasha casts a spell at you. The magic dart hits you.
You die...

#.# ##.# ##..# ##...#
#>.... #..5#
####wh#### #....†)..#
#.###@##.# #.##.# #+#
##.##.# #.# #..##.#
#.###### #.###.#
##......> #
#.###.####........
#.##.#...........#
#........####....#
####.#.#######.#.###.#


You could see a worm, an iron imp and Natasha.

Vanquished Creatures
  Jessica (D:2)
  4 adders (D:2)
  An ooze (D:1)
  A worm (D:2)
  A dart slug (D:1)
  A leopard gecko (D:2)
  4 orcs (D:2)
  A giant cockroach (D:1)
  3 hobgoblins (D:2)
  A quokka (D:2)
  A ball python (D:1)
  7 bats
  2 frilled lizards (D:1)
  6 goblins
  4 rats
38 creatures vanquished.

Vanquished Creatures (others)
  A ghoul (D:1)
  An octopode (D:1)
  A draconian (D:1)
  A vine stalker (D:1)
  2 vampires (D:1)
  2 spriggans (D:1)
  A human (D:1)
  A dwarf (D:1)
  2 centaurs (D:1)
  An ogre (D:1)
  A mummy (D:1)
  A kobold (D:1)
  8 tentacles (D:1)
23 creatures vanquished.

Grand Total: 61 creatures vanquished

Notes
Turn   | Place    | Note
-------+----------+-------------------------------------------
     0 | D:1      | Yunesin the Octopode Berserker began the quest for the Orb.
     0 | D:1      | Reached XP level 1. HP: 16/16 MP: 1/1
     2 | D:1      | Noticed a dwarf
     2 | D:1      | Noticed a ghoul
     2 | D:1      | Noticed a vine stalker
     2 | D:1      | Noticed a centaur
     2 | D:1      | Noticed a draconian
     2 | D:1      | Noticed a spriggan
     2 | D:1      | Noticed a kraken
     2 | D:1      | Noticed a vampire
     2 | D:1      | Noticed a centaur
     2 | D:1      | Noticed an octopode
     2 | D:1      | Noticed a spriggan
     2 | D:1      | Noticed a human
     2 | D:1      | Noticed a vampire
     2 | D:1      | Noticed an ogre
     7 | D:1      | Killed a ghoul
     8 | D:1      | Killed a centaur
     8 | D:1      | Killed a spriggan
     9 | D:1      | Killed a vine stalker
     9 | D:1      | Killed a centaur
    10 | D:1      | Killed a dwarf
    11 | D:1      | Killed a spriggan
    12 | D:1      | Killed a draconian
    18 | D:1      | Killed an ogre
    19 | D:1      | Killed a human
    20 | D:1      | Killed an octopode
    20 | D:1      | Killed a vampire
    22 | D:1      | Killed a vampire
   125 | D:1      | Reached XP level 2. HP: 10/21 MP: 2/2
   638 | D:2      | Reached XP level 3. HP: 23/26 MP: 3/3
   987 | D:2      | Reached ** piety under Trog
  1149 | D:2      | Noticed Jessica
  1155 | D:2      | Killed Jessica
  1155 | D:2      | Reached skill level 1 in Stealth
  1155 | D:2      | Reached XP level 4. HP: 33/33 MP: 4/4
  1285 | D:2      | Reached skill level 4 in Axes
  1571 | D:2      | Noticed Natasha
  1579 | D:2      | HP: 2/49 [worm (11)]
  1580 | D:2      | Killed from afar by Natasha

Skill      XL: |  1  2  3  4 |
---------------+-------------+-----
Stealth        | 1 |  1.4
Axes           | 4 |  4.0
Fighting       | |  3.7
Dodging        | |  3.8

Action                   |  1- 3 |  4- 6 || total
-------------------------+-------+-------++-------
Melee: Hand axe          |    62 |    14 ||    76
       Constrict         |    17 |     5 ||    22
       Tentacles         |    12 |     3 ||    15
Invok: Berserk           |     1 |     1 ||     2
 Stab: Sleeping          |     3 |     1 ||     4
  Eat: Chunk             |     2 |     1 ||     3
Armor: Skin              |    11 |     1 ||    12
Dodge: Dodged            |    51 |    11 ||    62
